PA
SOUTH BEACH BLAZE @ NEBRASKA PLAINSMEN
08/01/2028
 
TOP OF THE 1ST
South Beach Blaze batting - Pitching for Nebraska Plainsmen : RHP Markus Visser
Pitching: RHP Markus Visser
Batting: RHB Harlan Peppers 0-0: Called Strike
0-1: Ground out 5-3 (Groundball, 56S)
Batting: RHB Daniel Bertrand 0-0: Ball
1-0: Fly out, F9 (Flyball, 89S)
Batting: RHB Omer Yurtseven 0-0: Ball
1-0: Called Strike
1-1: Fly out, F9 (Flyball, 9LMF)
Top of the 1st over - 0 run(s), 0 hit(s), 0 error(s), 0 left on base; South Beach 0 - Nebraska 0
BOTTOM OF THE 1ST
Nebraska Plainsmen batting - Pitching for South Beach Blaze : RHP Harrison Tuff
Pitching: RHP Harrison Tuff
Batting: LHB Elian Gonzalez 0-0: Called Strike
0-1: Ball
1-1: Ball
2-1: Fly out, F8 (Flyball, 8RD)
Batting: LHB Gilberto Moreno 0-0: Ground out U3 (Groundball, 3)
Batting: SHB Keyveat Postell 0-0: Called Strike
0-1: Ball
1-1: Ball
2-1: Ball
3-1: Foul Ball, location: 2F
3-2: Foul Ball, location: 2F
3-2: Foul Ball, location: 2F
3-2: SINGLE (Groundball, 4MD)
Batting: LHB Josh Platt 0-0: Ball
1-0: SINGLE (Flyball, 89S)
Keyveat Postell to second
Keyveat Postell to third
Batting: RHB Alco Compagne 0-0: Called Strike
0-1: Fielders Choice at 2nd, 5-4 (Groundball, 56)
Bottom of the 1st over - 0 run(s), 2 hit(s), 0 error(s), 1 left on base; South Beach 0 - Nebraska 0
TOP OF THE 2ND
South Beach Blaze batting - Pitching for Nebraska Plainsmen : RHP Markus Visser
Batting: LHB Sepulveda Zambrano 0-0: SINGLE (Line Drive, 9S)
Batting: RHB Shizuo Heiwajaima 0-0: Ball
1-0: Foul Ball, location: 2F
1-1: Foul Ball, location: 2F
1-2: Foul Ball, location: 2F
1-2: Foul Ball, location: 2F
1-2: Ball
2-2: Ball
3-2: Base on Balls
Sepulveda Zambrano to second
Batting: RHB Wes Griffith 0-0: Called Strike
0-1: Called Strike
0-2: Ball
1-2: Foul Ball, location: 2F
1-2: Ball
2-2: Strikes out swinging
Batting: RHB Giobbe Bastedo 0-0: Called Strike
0-1: Called Strike
0-2: Ball
1-2: Strikes out swinging
Batting: LHB Raymond Graham 0-0: Called Strike
0-1: Foul Ball, location: 2F
0-2: Ball
1-2: Ball
2-2: SINGLE (Line Drive, 6MD)
Sepulveda Zambrano to third
Shizuo Heiwajaima to second
Runner from 3rd tries for Home, SAFE, no throw
Batting: RHB Greg Schiff 0-0: Called Strike
0-1: SINGLE (Line Drive, 4D)
Shizuo Heiwajaima to third
Raymond Graham to second
Runner from 3rd tries for Home, SAFE, throw made at trailing runner, OUT at third!
Top of the 2nd over - 2 run(s), 3 hit(s), 0 error(s), 1 left on base; South Beach 2 - Nebraska 0
BOTTOM OF THE 2ND
Nebraska Plainsmen batting - Pitching for South Beach Blaze : RHP Harrison Tuff
Batting: LHB Gerardo Ponce de Leon 0-0: Called Strike
0-1: Ground out 4-3 (Groundball, 4)
Batting: RHB Harith Karim 0-0: Ball
1-0: Ground out 4-3 (Groundball, 4)
Batting: RHB Shelby Loudenslager 0-0: Ball
1-0: Foul Ball, location: 2F
1-1: Ground out 6-3 (Groundball, 56)
Bottom of the 2nd over - 0 run(s), 0 hit(s), 0 error(s), 0 left on base; South Beach 2 - Nebraska 0
TOP OF THE 3RD
South Beach Blaze batting - Pitching for Nebraska Plainsmen : RHP Markus Visser
Batting: RHB Harlan Peppers 0-0: Called Strike
0-1: Ball
1-1: Foul Ball, location: 2F
1-2: Foul Ball, location: 2F
1-2: DOUBLE (Line Drive, 78M)
Batting: RHB Daniel Bertrand 0-0: Called Strike
0-1: Ground out 6-3 (Groundball, 6)
Batting: RHB Omer Yurtseven 0-0: Ball
1-0: Fly out, F4 (Popup, 4)
Batting: LHB Sepulveda Zambrano 0-0: Swinging Strike
0-1: DOUBLE (Line Drive, 9LS)
Harlan Peppers scores
Batting: RHB Shizuo Heiwajaima 0-0: Fly out, F8 (Flyball, 8LS)
Top of the 3rd over - 1 run(s), 2 hit(s), 0 error(s), 1 left on base; South Beach 3 - Nebraska 0
BOTTOM OF THE 3RD
Nebraska Plainsmen batting - Pitching for South Beach Blaze : RHP Harrison Tuff
Batting: LHB Michael Cochran 0-0: Ball
1-0: Fly out, F7 (Flyball, 7S)
Batting: LHB Elian Gonzalez 0-0: Called Strike
0-1: Foul Ball, location: 2F
0-2: Foul Ball, location: 2F
0-2: Ball
1-2: Ball
2-2: Foul Ball, location: 2F
2-2: Foul Ball, location: 2F
2-2: Ball
3-2: Fly out, F9 (Flyball, 9)
Batting: LHB Gilberto Moreno 0-0: Ball
1-0: Ground out U3 (Groundball, 34)
Bottom of the 3rd over - 0 run(s), 0 hit(s), 0 error(s), 0 left on base; South Beach 3 - Nebraska 0
TOP OF THE 4TH
South Beach Blaze batting - Pitching for Nebraska Plainsmen : RHP Markus Visser
Batting: RHB Wes Griffith 0-0: Called Strike
0-1: Swinging Strike
0-2: Ball
1-2: Strikes out swinging
Batting: RHB Giobbe Bastedo 0-0: Called Strike
0-1: Foul Ball, location: 2F
0-2: Ball
1-2: Strikes out swinging
Batting: LHB Raymond Graham 0-0: Ball
1-0: Ball
2-0: Foul Ball, location: 2F
2-1: Called Strike
2-2: Fly out, F7 (Flyball, 7LSF)
Top of the 4th over - 0 run(s), 0 hit(s), 0 error(s), 0 left on base; South Beach 3 - Nebraska 0
BOTTOM OF THE 4TH
Nebraska Plainsmen batting - Pitching for South Beach Blaze : RHP Harrison Tuff
Batting: SHB Keyveat Postell 0-0: Ball
1-0: Ball
2-0: Ball
3-0: Swinging Strike
3-1: Called Strike
3-2: Strikes out swinging
Batting: LHB Josh Platt 0-0: Foul Ball, location: 2F
0-1: Ball
1-1: SINGLE (Line Drive, 6M)
Batting: RHB Alco Compagne 0-0: Ball
1-0: Called Strike
1-1: Ball
2-1: Fly out, F9 (Flyball, 9S)
Batting: LHB Gerardo Ponce de Leon 0-0: Called Strike
0-1: 2-RUN HOME RUN (Flyball, 9D), Distance : 398 ft
Batting: RHB Harith Karim 0-0: Called Strike
0-1: Foul Ball, location: 2F
0-2: Ball
1-2: Strikes out swinging
Bottom of the 4th over - 2 run(s), 2 hit(s), 0 error(s), 0 left on base; South Beach 3 - Nebraska 2
TOP OF THE 5TH
South Beach Blaze batting - Pitching for Nebraska Plainsmen : RHP Markus Visser
Batting: RHB Greg Schiff 0-0: Ball
1-0: Fly out, F9 (Flyball, 9LSF)
Batting: RHB Harlan Peppers 0-0: SINGLE (Line Drive, 6MD)
Batting: RHB Daniel Bertrand 0-0: Called Strike
0-1: Ball
1-1: Ball
2-1: SINGLE (Flyball, 9S)
Harlan Peppers to second
Runner from 2nd tries for 3rd, SAFE, throw made to third
Batting: RHB Omer Yurtseven 0-0: Ball
1-0: Called Strike
1-1: Ball
2-1: Foul Ball, location: 2F
2-2: Ball
3-2: SINGLE (Line Drive, 6M)
Harlan Peppers scores
Daniel Bertrand to second
Batting: LHB Sepulveda Zambrano 0-0: Called Strike
0-1: SINGLE (Flyball, 7LS)
Daniel Bertrand to third
Omer Yurtseven to second
Runner from 3rd tries for Home, SAFE, no throw
Batting: RHB Shizuo Heiwajaima 0-0: Called Strike
0-1: SINGLE (Line Drive, 56)
Omer Yurtseven to third
Sepulveda Zambrano to second
Batting: RHB Wes Griffith 0-0: Called Strike
0-1: Ball
1-1: Swinging Strike
1-2: SINGLE (Groundball, 5D)
Omer Yurtseven scores
Sepulveda Zambrano to third
Shizuo Heiwajaima to second
Runner from 3rd tries for Home, SAFE, throw made home
Shizuo Heiwajaima to third
Wes Griffith to second
Pitching: RHP António Fernández
Batting: RHB Giobbe Bastedo 0-0: Called Strike
0-1: Ball
1-1: Ball
2-1: Foul Ball, location: 2F
2-2: Strikes out swinging
Batting: LHB Raymond Graham 0-0: SINGLE (Groundball, 2L) (infield hit)
Shizuo Heiwajaima scores
Wes Griffith to third
Batting: RHB Greg Schiff 0-0: Ball
1-0: Ball
2-0: Called Strike
2-1: Foul Ball, location: 2F
2-2: Ball
3-2: Ground out U3 (Groundball, 3S)
Top of the 5th over - 5 run(s), 7 hit(s), 0 error(s), 2 left on base; South Beach 8 - Nebraska 2
BOTTOM OF THE 5TH
Nebraska Plainsmen batting - Pitching for South Beach Blaze : RHP Harrison Tuff
Batting: RHB Shelby Loudenslager 0-0: Ball
1-0: Ball
2-0: Ball
3-0: Called Strike
3-1: Fly out, F8 (Line Drive, 8LM)
Batting: LHB Michael Cochran 0-0: Foul Ball, location: 2F
0-1: Foul Ball, location: 2F
0-2: Ball
1-2: Ball
2-2: Ball
3-2: Foul Ball, location: 2F
3-2: Fly out, F8 (Flyball, 8LM)
Batting: LHB Elian Gonzalez 0-0: Ball
1-0: Swinging Strike
1-1: Ball
2-1: Called Strike
2-2: Strikes out swinging
Bottom of the 5th over - 0 run(s), 0 hit(s), 0 error(s), 0 left on base; South Beach 8 - Nebraska 2
TOP OF THE 6TH
South Beach Blaze batting - Pitching for Nebraska Plainsmen : RHP António Fernández
Batting: RHB Harlan Peppers 0-0: Foul Ball, location: 2F
0-1: Ball
1-1: Ball
2-1: Foul Ball, location: 2F
2-2: Strikes out swinging
Batting: RHB Daniel Bertrand 0-0: Swinging Strike
0-1: Ball
1-1: Foul Ball, location: 2F
1-2: Strikes out looking
Batting: RHB Omer Yurtseven 0-0: Fly out, F9 (Line Drive, 9)
Top of the 6th over - 0 run(s), 0 hit(s), 0 error(s), 0 left on base; South Beach 8 - Nebraska 2
BOTTOM OF THE 6TH
Nebraska Plainsmen batting - Pitching for South Beach Blaze : RHP Harrison Tuff
Batting: LHB Gilberto Moreno 0-0: Called Strike
0-1: Ball
1-1: Ball
2-1: Called Strike
2-2: Ball
3-2: SINGLE (Groundball, 34S) (infield hit)
Batting: SHB Keyveat Postell 0-0: Ball
1-0: Ball
2-0: Ball
3-0: Base on Balls
Gilberto Moreno to second
Batting: LHB Josh Platt 0-0: Ball
1-0: Fielders Choice at 2nd, 4-6 (Groundball, 34)
Gilberto Moreno to third
Batting: RHB Alco Compagne 0-0: Called Strike
0-1: Foul Ball, location: 2F
0-2: Strikes out swinging
Batting: LHB Gerardo Ponce de Leon 0-0: Called Strike
0-1: Ball
1-1: Called Strike
1-2: Ball
2-2: Strikes out swinging
Bottom of the 6th over - 0 run(s), 1 hit(s), 0 error(s), 2 left on base; South Beach 8 - Nebraska 2
TOP OF THE 7TH
South Beach Blaze batting - Pitching for Nebraska Plainsmen : RHP António Fernández
Batting: LHB Sepulveda Zambrano 0-0: Foul Ball, location: 2F
0-1: Ball
1-1: SINGLE (Groundball, 34D)
Batting: RHB Shizuo Heiwajaima 0-0: Ground out 5-3 (Groundball, 56S)
Sepulveda Zambrano to second
Batting: RHB Wes Griffith 0-0: Ball
1-0: Swinging Strike
1-1: Swinging Strike
1-2: Strikes out swinging, 2-3 out at first.
Batting: RHB Giobbe Bastedo 0-0: Called Strike
0-1: Foul Ball, location: 2F
0-2: Ball
1-2: Strikes out looking
Top of the 7th over - 0 run(s), 1 hit(s), 0 error(s), 1 left on base; South Beach 8 - Nebraska 2
BOTTOM OF THE 7TH
Nebraska Plainsmen batting - Pitching for South Beach Blaze : RHP Harrison Tuff
Batting: RHB Harith Karim 0-0: Ball
1-0: Called Strike
1-1: Ball
2-1: Fly out, F7 (Flyball, 7D)
Batting: RHB Shelby Loudenslager 0-0: Foul Ball, location: 2F
0-1: Swinging Strike
0-2: Strikes out looking
Batting: LHB Michael Cochran 0-0: Called Strike
0-1: Fly out, F8 (Flyball, 8RM)
Bottom of the 7th over - 0 run(s), 0 hit(s), 0 error(s), 0 left on base; South Beach 8 - Nebraska 2
TOP OF THE 8TH
South Beach Blaze batting - Pitching for Nebraska Plainsmen : RHP António Fernández
Batting: LHB Raymond Graham 0-0: Ground out 4-3 (Groundball, 4)
Batting: RHB Greg Schiff 0-0: Fly out, F8 (Flyball, 8LS)
Batting: RHB Harlan Peppers 0-0: Ball
1-0: Ball
2-0: Ball
3-0: Base on Balls
Batting: RHB Daniel Bertrand 0-0: Called Strike
0-1: Foul Ball, location: 2F
0-2: Fly out, F8 (Flyball, 89D)
Top of the 8th over - 0 run(s), 0 hit(s), 0 error(s), 1 left on base; South Beach 8 - Nebraska 2
BOTTOM OF THE 8TH
Nebraska Plainsmen batting - Pitching for South Beach Blaze : RHP Harrison Tuff
Batting: LHB Elian Gonzalez 0-0: Foul Ball, location: 2F
0-1: Ball
1-1: SINGLE (Line Drive, 9S)
Batting: LHB Gilberto Moreno 0-0: Ball
1-0: Fly out, F9 (Flyball, 9)
Batting: SHB Keyveat Postell 0-0: Fielders Choice at 2nd, 5-4 (Groundball, 56)
Batting: LHB Josh Platt 0-0: Ball
1-0: Called Strike
1-1: Swinging Strike
1-2: Foul Ball, location: 2F
1-2: Ball
2-2: Strikes out swinging
Bottom of the 8th over - 0 run(s), 1 hit(s), 0 error(s), 1 left on base; South Beach 8 - Nebraska 2
TOP OF THE 9TH
South Beach Blaze batting - Pitching for Nebraska Plainsmen : RHP António Fernández
Batting: RHB Omer Yurtseven 0-0: Ball
1-0: Called Strike
1-1: Ball
2-1: Ground out 5-3 (Groundball, 56S)
Batting: LHB Sepulveda Zambrano 0-0: SOLO HOME RUN (Flyball, 89XD), Distance : 434 ft
Batting: RHB Shizuo Heiwajaima 0-0: Called Strike
0-1: Ball
1-1: Swinging Strike
1-2: Foul Ball, location: 2F
1-2: Strikes out swinging
Batting: RHB Wes Griffith 0-0: Called Strike
0-1: Fly out, F6 (Line Drive, 6)
Top of the 9th over - 1 run(s), 1 hit(s), 0 error(s), 0 left on base; South Beach 9 - Nebraska 2
BOTTOM OF THE 9TH
Nebraska Plainsmen batting - Pitching for South Beach Blaze : RHP Harrison Tuff
Pitching: LHP Leo Ingelbrigtsen
Batting: RHB Alco Compagne 0-0: Foul Ball, location: 2F
0-1: Ball
1-1: Foul Ball, location: 2F
1-2: Strikes out looking
Batting: LHB Gerardo Ponce de Leon 0-0: Foul Ball, location: 2F
0-1: Ground out 5-3 (Groundball, 5S)
Batting: RHB Harith Karim 0-0: Ball
1-0: Ball
2-0: SOLO HOME RUN (Line Drive, 7LD), Distance : 375 ft
Batting: RHB Shelby Loudenslager 0-0: Ball
1-0: Ball
2-0: Ground out 1-3 (Groundball, P)
Bottom of the 9th over - 1 run(s), 1 hit(s), 0 error(s), 0 left on base; South Beach 9 - Nebraska 3
Monday, August 21st, 2017 - OOTP Baseball 17.12 Build 75